 Dungeon Crawl Stone Soup version 0.30-a0-715-gdb4ae3ece1 (webtiles) character file.

Game seed: 5385648235465019902

44 PyroL the Insei (level 3, -2/23 HPs)
             Began as an Octopode Transmuter on Jan 23, 2023.
             Slain by Natasha (9 damage)
             ... on level 3 of the Dungeon.
             The game lasted 00:02:44 (1434 turns).

PyroL the Insei (Octopode Transmuter)               Turns: 1434, Time: 00:02:44

Health: -2/23      AC:  1    Str:  9    XL:     3   Next: 62%
Magic:  15/15      EV: 13    Int: 17    God:
Gold:   89         SH:  0    Dex: 12    Spells: 6/7 levels left

rFire   . . .      SeeInvis .      - Unarmed
rCold   . . .      Faith    .    (no shield)
rNeg    . . .      Spirit   .    (helmet currently unavailable)
rPois   .          Reflect  .    (no amulet)
rElec   .          Harm     .    c - ring of magical power
rCorr   .          Rampage  .    (no ring)
Will    .....                    (no ring)
Stlth   ++                       (no ring)
HPRegen 0.23/turn                (no ring)
MPRegen 0.14/turn                (no ring)
                                 (no ring)
                                 (no ring)

@: appendages (expiring)
A: tentacle spike 3, almost no armour, amphibious, 8 rings, camouflage 1,
gelatinous body 1, (nimble swimmer 1), tentacles
a: End Transformation


You were on level 3 of the Dungeon.
One of your tentacles had grown a beastly spike.
You visited 1 branch of the dungeon, and saw 3 of its levels.

You collected 89 gold pieces.

Inventory:

Jewellery
 c - a ring of magical power (left tentacle)
 d - a +6 ring of dexterity
Scrolls
 e - 2 scrolls of identify {unknown}
 f - a scroll of blinking {unknown}
 g - a scroll of enchant armour {unknown}
 i - a scroll of teleportation {unknown}
Potions
 a - a potion of lignification
 b - a potion of heal wounds {unknown}
 h - a potion of flight {unknown}
 j - a potion of mutation {unknown}
 k - a potion of curing {unknown}


   Skills:
 - Level 1.0 Fighting
 - Level 2.0 Dodging
 - Level 3.0 Unarmed Combat
 + Level 2.6 Spellcasting
 + Level 2.7 Transmutations
 + Level 2.1 Poison Magic


You had 6 spell levels left.
You knew the following spells:

 Your Spells              Type           Power      Damage    Failure   Level
a - Beastly Appendage     Tmut           22%        N/A       6%          1

Your spell library contained the following spells:

 Spells                   Type           Power      Damage    Failure   Level
 Wereblood                Tmut           11%        N/A       9%          2
 Spider Form              Tmut/Pois      10%        N/A       21%         3
 Ozocubu's Armour         Ice            2%         N/A       50%         3
 Ice Form                 Ice/Tmut       6%         N/A       71%         4
 Metabolic Englaciation   Hex/Ice        1%         N/A       99%         5
 Simulacrum               Ice/Necr       1%         N/A       100%        6


Dungeon Overview and Level Annotations

Branches:
Dungeon (3/15)

Altars:
Nemelex Xobeh

Annotations:
D:3 Natasha


Innate Abilities, Weirdness & Mutations

One of your tentacles has grown a beastly spike.
You cannot wear most types of armour.
You are amphibious.
You can wear up to eight rings at the same time.
Your skin changes colour to match your surroundings (Stealth+).
Your rubbery body absorbs attacks. (AC +1, EV +1)
((You are camouflaged when in or above water. (Stealth+)))
You have tentacles for arms and can constrict up to eight enemies at once.


Message History

The giant cockroach bites you but does no damage.
You tentacle-slap the giant cockroach but do no damage.
Your grab misses the giant cockroach.
You pierce the giant cockroach, but do no damage.
You squeeze the giant cockroach.
The giant cockroach is almost dead.
The giant cockroach closely misses you.
You barely miss the giant cockroach. Your grab misses the giant cockroach.
You pierce the giant cockroach, but do no damage.
You squeeze the giant cockroach.
You kill the giant cockroach!
Your transformation is almost over.
No target in view!
Magic restored.
A worm comes into view.
A worm is nearby!
You extend your transformation's duration.
Natasha, Servant of Life and Death comes into view.
Found a tourmaline ring.
A frilled lizard comes into view.
Found a stone staircase leading down.
Natasha claws you.
You closely miss Natasha. Your grab misses Natasha.
Your squeeze misses Natasha.
Natasha stares at you and mumbles some strange words.
You resist with significant effort. The worm bites you!
You closely miss Natasha. You grab Natasha.
You pierce Natasha.
You squeeze Natasha.
Natasha is severely wounded.
Your transformation is almost over.
You constrict Natasha, but do no damage.
Natasha closely misses you.
You barely miss Natasha.
You pierce Natasha, but do no damage.
You squeeze Natasha.
Natasha is severely wounded.
You constrict Natasha. The worm bites you!
* * * LOW HITPOINT WARNING * * *
Natasha casts a spell.
You release your grip on Natasha.
Natasha attacks as you move away! Natasha claws you!
You die...

#.. ###.# #=. ..#.#
#.######.#.#
#.#....#.#.########.
#?#.##.#.#$#..5.....
#####.#.#.....<#........
.................h.....>
#.$........#.#@.......
#.....######.#.w.....l
#.....#.#..#.#........
#.....#....#.#........
##......#.##.#.....=..
#......#..#.#........
#......#..#.########.
####.#....# #.#.####


You could see a worm, an iron imp (summoned), Natasha and a frilled lizard
(asleep).

Vanquished Creatures
  An adder (D:2)
  2 endoplasms
  2 giant cockroaches
  A goblin (D:1)
  3 hobgoblins
  6 jackals (D:1)
  5 quokkas
  3 ball pythons
  2 bats
  2 frilled lizards
  4 rats (D:1)
31 creatures vanquished.

Notes
Turn   | Place    | Note
-------+----------+-------------------------------------------
     0 | D:1      | PyroL the Octopode Transmuter began the quest for the Orb.
     0 | D:1      | Reached XP level 1. HP: 13/13 MP: 3/3
   119 | D:1      | Reached skill level 1 in Poison Magic
   119 | D:1      | Reached XP level 2. HP: 18/18 MP: 3/5
   920 | D:2      | Reached XP level 3. HP: 21/23 MP: 6/6
   987 | D:2      | Found a sparkling altar of Nemelex Xobeh.
  1428 | D:3      | Noticed Natasha
  1434 | D:3      | Slain by Natasha

Illustrated notes

Levels and vault maps discovered:
D:1:      wander_arrival_desolate, layout_loops_corners
D:2:      layout_rooms, basic_altar
D:3:      layout_basic, feat_on_display, uniq_natasha

Skill      XL: |  1  2  3 |
---------------+----------+-----
Poison Magic   | 1 2 |  2.1
Fighting       | |  1.0
Dodging        | |  2.0
Unarmed Combat | |  3.0
Spellcasting   | |  2.6
Transmutations | |  2.7

Action                     || total
---------------------------++-------
  Melee: Unarmed           ||    73
         Constrict         ||    20
         Tentacles         ||    18
         Kick              ||    18
   Cast: Beastly Appendage ||    23
   Stab: Sleeping          ||     7
 Armour: Skin              ||     6
  Dodge: Dodged            ||    55

Table legend: (Time is in decaauts)
 A = Elapsed time spent in this place.
 B = Non-inter-level travel time spent in this place.
 C = Inter-level travel time spent in this place.
 D = Time resting spent in this place.
 E = Time spent auto-exploring this place.
 F = Levels seen in this place.
 G = Mean time per level.
                   A        B        C        D        E       F      G
               +--------+--------+--------+--------+--------+-----+--------+
         Total |   1429 |   1391 |     38 |      0 |   1101 |   3 |  476.3 |
       Dungeon |   1429 |   1391 |     38 |      0 |   1101 |   3 |  476.3 |
               +--------+--------+--------+--------+--------+-----+--------+

Top non-repeatable levels by time:
     D:1: 891 daAuts
     D:2: 506 daAuts
     D:3: 31 daAuts
